 Dungeon Crawl Stone Soup version 0.30.0-29-ga12c61a403 (webtiles) character file.

Game seed: 1516877601903061962

5695 monsoonserge the Grappler (level 10, -5/78 HPs)
             Began as a Ghoul Gladiator on June 11, 2023.
             Was an Initiate of Gozag.
             Killed from afar by Lodul (29 damage)
             ... with a bolt of lightning
             ... on level 10 of the Dungeon.
             The game lasted 00:27:50 (7884 turns).

monsoonserge the Grappler (Ghoul Gladiator)         Turns: 7884, Time: 00:27:51

Health: -5/78      AC: 15    Str: 23    XL:     10   Next: 76%
Magic:  9/9        EV: 12    Int:  3    God:    Gozag
Gold:   980        SH:  0    Dex: 10    Spells: 9/9 levels left

rFire   + .          .
                       - Unarmed
rCold   + . .        (no shield)
rNeg    + + +        S - +1 ring mail {rF+}
rPois   ∞            O - +0 helmet {SInv}
rElec   .            (no cloak)
rCorr   .            (no gloves)
SInv    +            K - +2 pair of boots {Stlth+}
Will    .....        (no amulet)
Stlth   ++           k - +4 ring of protection
HPRegen 0.00/turn    (no ring)
MPRegen 0.11/turn

%: no passive effects
@: inhibited regen, studying Dodging
A: claws 1, cold resistance 1, negative energy resistance 3, inhibited
regeneration, torment resistance 2, devour on kill
a: Renounce Religion, Potion Petition, Call Merchant, Bribe Branch


You were on level 10 of the Dungeon.
You worshipped Gozag.
Gozag was pleased with you.
You visited 2 branches of the dungeon, and saw 11 of its levels.
You also visited: Bailey.

You collected 1223 gold pieces.
You spent 181 gold pieces at shops.
You paid 62 gold pieces to Gozag.

Inventory:

Missiles
 c - 3 throwing nets
 d - 5 javelins
 n - 11 boomerangs
 w - 10 poisoned darts (quivered)
Armour
 q - a +1 leather armour of cold resistance
 x - a +1 pair of boots of flying
 K - a +2 pair of boots of stealth (worn)
 O - a +0 helmet of see invisible (worn)
 P - a +2 helmet of intelligence
 S - a +1 ring mail of fire resistance (worn)
Jewellery
 k - a +4 ring of protection (left claw)
 t - a +6 ring of intelligence
 I - a ring of ice
Wands
 p - a wand of polymorph (5)
 A - a wand of quicksilver (16)
 Q - a wand of iceblast (2)
Scrolls
 e - 6 scrolls of identify {unknown}
 g - 3 scrolls of immolation {unknown}
 m - 5 scrolls of teleportation {unknown}
 r - a scroll of butterflies {unknown}
 s - 4 scrolls of vulnerability {unknown}
 u - a scroll of enchant weapon {unknown}
 y - a scroll of silence {unknown}
 B - 3 scrolls of fear {unknown}
 C - a scroll of torment {unknown}
 D - a scroll of poison {unknown}
 F - a scroll of magic mapping {unknown}
 G - a scroll of amnesia {unknown}
 H - a scroll of fog {unknown}
 J - a scroll of acquirement {unknown}
Potions
 a - 2 potions of degeneration {unknown}
 b - a potion of berserk rage {unknown}
 f - 2 potions of mutation {unknown}
 h - a potion of ambrosia {unknown}
 i - 2 potions of magic {unknown}
 j - 7 potions of curing {unknown}
 l - 5 potions of heal wounds {unknown}
 o - 2 potions of haste {unknown}
 v - 3 potions of flight {unknown}
 z - 2 potions of lignification {unknown}
 L - a potion of brilliance
 M - a potion of invisibility {unknown}
 N - 2 potions of resistance {unknown}


   Skills:
 + Level 3.8 Fighting
 - Level 3.0 Throwing
 + Level 4.9 Armour
 + Level 5.0 Dodging
 + Level 2.9 Stealth
 * Level 14.5 Unarmed Combat
 * Level 0.7 Evocations


You had 9 spell levels left.
You didn't know any spells.
Your spell library contained the following spells:

 Spells                   Type           Power      Damage    Failure   Level
 Necrotise                Necr           0%         1d4       67%         1
 Static Discharge         Conj/Air       0%         2-2/arc   80%         2
 Dazzling Flash           Conj/Hex       0%         N/A       95%         3
 Vampiric Draining        Necr           0%         2d6       95%         3
 Volatile Blastmotes      Fire/Tloc      0%         2d10      95%         3
 Airstrike                Air            0%         2d(0-16)  100%        4
 Animate Armour           Summ/Erth      0%         N/A       100%        4
 Iskenderun's Mystic Bla  Conj/Tloc      0%         2d3       100%        4
 Summon Lightning Spire   Summ/Air       0%         N/A       100%        4
 Agony                    Necr           0%         N/A       100%        5
 Silence                  Hex/Air        0%         N/A       100%        5
 Iron Shot                Conj/Erth      0%         9d1       100%        6
 Starburst                Conj/Fire      0%         6d3       100%        6
 Blade Hands              Tmut           Unusable   N/A       N/A         5

Dungeon Overview and Level Annotations

Branches:
Dungeon (9/15)             Temple (1/1) D:6          Bailey (visited)
   Lair: D:8-11         Orc: D:9-12

Altars:
Ashenzari
Cheibriados
Dithmenos
Fedhas
Gozag
Hepliaklqana
Kikubaaqudgha
Makhleb
Nemelex Xobeh
Okawaru
Qazlal
Ru
Sif Muna
Trog
Uskayaw
Vehumet
Wu Jian
Xom
Yredelemnul

Shops:
D:3 [   D:5 [

Annotations:
D:10 Lodul


Innate Abilities, Weirdness & Mutations

You are immune to poison.
You have sharp fingernails.
Your flesh is cold resistant. (rC+)
You are immune to negative energy. (rN+++)
You do not regenerate when monsters are visible.
You are immune to unholy pain and torment.
You thrive by killing the living.


Message History

You mangle the ogre!!
You kill the ogre!
You feel better.
Okay, then.
Okay, then.
Aiming: Charm
Press: ? - help, Shift-Dir - straight line, f - ogre
Aim: an ogre, wielding a +0 giant club (chance to affect: 50%)
The ogre resists with some effort.
The ogre hits you with a +0 giant club.
Aiming: Charm
Press: ? - help, Shift-Dir - straight line, f/p - ogre
Aim: an ogre, wielding a +0 giant club (chance to affect: 50%)
The ogre resists with some effort.
Aiming: Charm
Press: ? - help, Shift-Dir - straight line, f/p - ogre
Aim: an ogre, wielding a +0 giant club (chance to affect: 50%)
The ogre resists with some effort.
The ogre hits you with a +0 giant club!
Aiming: Charm
Press: ? - help, Shift-Dir - straight line, f/p - ogre
Aim: an ogre, wielding a +0 giant club (chance to affect: 50%)
The ogre resists with some effort.
The ogre closely misses you.
Aiming: Charm
Press: ? - help, Shift-Dir - straight line, f/p - ogre
Aim: an ogre, wielding a +0 giant club (chance to affect: 50%)
The ogre is charmed.
The now-empty wand crumbles to dust.
The ogre hits your ogre with a +0 giant club.
The ogre hits your ogre with a +0 giant spiked club!!
Your ogre dies!
Okay, then.
You open the door.
There is an open door here.
Electricity crackles from Lodul's apparatus.
The bolt of lightning misses you.
Press: ? - help, . - travel You can't see that place. [the floor.] Electricity crackles from Lodul's apparatus.
The bolt of lightning hits you!!
You die...
Your body crumbles into a pile of gold.

### ## #....#
###+#..#.# .
........####.. $
..#.......... .
.....#...#...
#..........
#..@.# #..#.#
#####..#O#
......O..#
###.....######
#.###............
#......O.....####
##+##.O.....#
#...#..........


You could see Lodul and 3 ogres.

Vanquished Creatures
  Pikel (D:7)
  Joseph (D:7)
  A gargoyle (Bailey)
  Grinder (D:4)
  A vampire (Bailey)
  Sigmund (D:3)
  A steam dragon (D:6)
  Duvessa (D:7)
  A sky beast (D:6)
  2 orc warriors
  3 black bears
  5 ogres
  3 centaurs
  A lemure (D:6)
  A kobold brigand (D:9)
  5 phantoms
  Blork the orc (D:6)
  A bullfrog (D:7)
  5 scorpions
  Dowan (D:7)
  3 killer bees (D:9)
  6 vampire bats (Bailey)
  A howler monkey (D:8)
  5 wolf zombies (Bailey)
  5 hounds
  3 orc priests
  An iguana (D:5)
  Natasha (D:4)
  2 sleepcaps
  6 orc wizards
  10 gnolls
  25 orc zombies (Bailey)
  6 adders
  A white imp (D:6)
  2 worms
  3 dart slugs
  23 orcs
  4 bats
  2 endoplasms
  3 giant cockroaches
  5 goblins
  7 hobgoblins
  12 kobolds
  2 quokkas
  7 ball pythons
  5 frilled lizards
  7 rats
194 creatures vanquished.

Vanquished Creatures (others)
  Erica (D:8)
  An ogre (D:10)
2 creatures vanquished.

Grand Total: 196 creatures vanquished

Notes
Turn   | Place    | Note
-------+----------+-------------------------------------------
     0 | D:1      | monsoonserge the Ghoul Gladiator began the quest for the
                  | Orb.
     0 | D:1      | Reached XP level 1. HP: 17/17 MP: 0/0
   152 | D:1      | Reached XP level 2. HP: 24/24 MP: 1/1
   286 | D:1      | Reached skill level 4 in Unarmed Combat
   337 | D:1      | Reached XP level 3. HP: 29/29 MP: 2/2
   938 | D:2      | Reached skill level 5 in Unarmed Combat
   938 | D:2      | Reached XP level 4. HP: 37/37 MP: 3/3
  1268 | D:2      | Reached skill level 1 in Armour
  1268 | D:2      | Reached XP level 5. HP: 40/42 MP: 4/4
  1647 | D:3      | Found Musoil's Armour Boutique.
  1794 | D:3      | Reached skill level 6 in Unarmed Combat
  1794 | D:3      | Reached XP level 6. HP: 33/51 MP: 5/5
  1989 | D:3      | Noticed Sigmund
  2003 | D:3      | Killed Sigmund
  2257 | D:4      | Reached skill level 7 in Unarmed Combat
  2257 | D:4      | Reached XP level 7. HP: 52/57 MP: 6/6
  2301 | D:4      | Found a sacrificial altar of Ru.
  2304 | D:4      | Found a shadowy altar of Dithmenos.
  2304 | D:4      | Found an opulent altar of Gozag.
  2312 | D:4      | Became a worshipper of Gozag Ym Sagoz the Greedy
  2427 | D:4      | Reached skill level 1 in Stealth
  2716 | D:4      | Noticed Grinder
  2721 | D:4      | Paralysed by Grinder for 2 turns
  2730 | D:4      | Killed Grinder
  2731 | D:4      | Reached skill level 8 in Unarmed Combat
  2788 | D:4      | Noticed Natasha
  2795 | D:4      | Killed Natasha
  2909 | D:5      | Entered Level 5 of the Dungeon
  2943 | D:5      | Reached XP level 8. HP: 61/63 MP: 7/7
  2999 | D:5      | Reached skill level 9 in Unarmed Combat
  3144 | D:5      | Found Cioduaxt's Armour Shop.
  3148 | D:5      | Bought a +1 pair of boots of flying for 181 gold pieces
  3223 | D:5      | Reached skill level 10 in Unarmed Combat
  4076 | D:6      | Reached XP level 9. HP: 57/70 MP: 8/8
  4225 | D:6      | Reached skill level 11 in Unarmed Combat
  4306 | D:6      | Found a staircase to the Ecumenical Temple.
  4343 | Temple   | Entered the Ecumenical Temple
  4502 | D:6      | Noticed Blork the orc
  4513 | D:6      | Killed Blork the orc
  4780 | D:7      | Noticed Duvessa
  4780 | D:7      | Noticed Dowan
  4792 | D:7      | Killed Duvessa
  4809 | D:7      | Killed Dowan
  4810 | D:7      | Reached skill level 12 in Unarmed Combat
  5539 | D:7      | Noticed Joseph
  5551 | D:7      | Killed Joseph
  5754 | D:7      | Noticed Pikel
  5774 | D:7      | Killed Pikel
  5775 | D:7      | Reached skill level 13 in Unarmed Combat
  5775 | D:7      | Reached XP level 10. HP: 77/77 MP: 9/9
  5982 | D:8      | Found a flagged portal.
  6001 | Bailey   | Entered a bailey
  6416 | Bailey   | Noticed a gargoyle
  6549 | Bailey   | Killed a gargoyle
  6711 | Bailey   | Reached skill level 14 in Unarmed Combat
  7372 | D:8      | Noticed Erica
  7386 | D:8      | Killed Erica
  7387 | D:8      | Reached skill level 5 in Dodging
  7843 | D:9      | You fall into a shaft and drop 1 floor!
  7843 | D:10     | Entered Level 10 of the Dungeon
  7844 | D:10     | Noticed Lodul
  7884 | D:10     | Killed from afar by Lodul

Illustrated notes

Levels and vault maps discovered:
D:1:      lightli_arrival_quake, layout_loops_ring
D:2:      layout_rooms
D:3:      layout_basic, serial_shops, shop_statue, uniq_sigmund
D:4:      nicolae_cairo_tiling_large_dashed, layout_gridville,
          grunt_temple_overflow_open, uniq_natasha, uniq_grinder
D:5:      layout_loops_corners, serial_shops, nicolae_shop_back_alley_shop
D:6:      layout_layer_cave, minmay_temple_entry_junction, uniq_blork_the_orc
D:7:      layout_loops_ring, uniq_duvessa, uniq_pikel, uniq_joseph
D:8:      layout_basic, enter_bailey_6, bh_walls_and_bars, uniq_erica
D:9:      layout_basic, minmay_lair_entry_grove, david_orc_4
D:10:     layout_stronghold, uniq_lodul
Temple:   nicolae_temple_bog_church

Skill      XL: |  1  2  3  4  5  6  7  8  9 10 |
---------------+-------------------------------+-----
Unarmed Combat | 4 5 6 7 8 10 13 14 | 14.5
Armour         | 1 2 3 4 |  4.9
Dodging        | 3 4 5 |  5.0
Fighting       | 3 |  3.8
Stealth        | 1 2 |  2.9
Throwing       | 2 3 |  3.0
Evocations     | |  0.7

Action                     |  1- 3 |  4- 6 |  7- 9 | 10-12 || total
---------------------------+-------+-------+-------+-------++-------
  Melee: Unarmed           |   127 |   115 |   226 |   187 ||   655
         Punch             |     1 |     4 |    12 |    16 ||    33
  Throw: Boomerang         |       |     7 |    74 |     9 ||    90
         Dart              |       |       |    17 |       ||    17
  Evoke: Wand              |       |       |       |     5 ||     5
   Stab: Sleeping          |     1 |       |       |     3 ||     4
         Distracted        |       |       |     2 |     2 ||     4
 Armour: Leather armour    |    25 |    33 |     2 |       ||    60
         Ring mail         |       |       |    62 |    76 ||   138
  Dodge: Dodged            |    70 |    55 |    76 |   110 ||   311
